 Dungeon Crawl Stone Soup version 0.29.1-15-g9cfb28693d (webtiles) character file.

Game seed: 15695947358206387241

939 monsoonserge the Scholar of Death (level 7, -4/51 HPs)
             Began as a Palentonga Necromancer on May 1, 2023.
             Was a Follower of Kikubaaqudgha.
             Slain by a human
             ... wielding a +0 vorpal hand axe
              (12 damage)
             ... in a bailey.
             The game lasted 00:27:03 (5719 turns).

monsoonserge the Scholar of Death (PaNe)            Turns: 5719, Time: 00:27:05

Health: -4/51      AC: 16    Str: 13    XL:     7   Next: 87%
Magic:  4/11       EV:  9    Int: 18    God:    Kikubaaqudgha [*.....]
Gold:   259        SH:  0    Dex: 10    Spells: 4/12 levels left

rFire   + . .      SeeInvis +   s - +1 spear (venom)
rCold   . . .      Faith    .   (no shield)
rNeg    . . .      Spirit   .   B - +0 leather armour
rPois   .          Reflect  .   u - +2 helmet
rElec   .          Harm     .   (no cloak)
rCorr   .          Rampage  .   h - +0 pair of gloves
Will    .....                   (no barding)
Stlth   +.........              (no amulet)
HPRegen 0.17/turn               p - ring of protection from fire
MPRegen 0.12/turn               (no ring)

@: confused, ambrosia-drunk, animating dead, flying, very slightly contaminated,
hasted, curled up, very quick
A: large, rugged brown scales 3, see invisible, deformed body, roll 1, armoured
tail, reflexive curl
a: Rolling Charge, Renounce Religion, Unearth Wretches


You were in a bailey.
You worshipped Kikubaaqudgha.
Kikubaaqudgha was aware of your devotion.
You visited 2 branches of the dungeon, and saw 8 of its levels.
You also visited: Bailey.

You collected 259 gold pieces.

Inventory:

Hand Weapons
 s - a +1 spear of venom (weapon)
 A - a +3 morningstar
Missiles
 k - 58 stones
 t - 4 curare-tipped darts
 D - 4 poisoned darts
 G - 7 boomerangs
 H - 6 javelins
Armour
 g - a +0 ring mail
 h - a +0 pair of gloves (worn)
 m - an orb of wrath
 n - an orb of mayhem
 u - a +2 helmet (worn)
 z - a +0 tower shield
 B - a +0 leather armour (worn)
Jewellery
 p - a ring of protection from fire (left hand)
 E - a ring of fire
Wands
 y - a wand of flame (8)
Scrolls
 c - a scroll of enchant weapon {unknown}
 d - 6 scrolls of identify {unknown}
 e - 2 scrolls of blinking {unknown}
 i - a scroll of amnesia {unknown}
 j - 5 scrolls of teleportation {unknown}
 o - 4 scrolls of magic mapping {unknown}
 q - 2 scrolls of poison {unknown}
 r - a scroll of silence {unknown}
 w - a scroll of fog {unknown}
 x - 2 scrolls of noise {unknown}
 C - a scroll of summoning {unknown}
Potions
 b - a potion of magic
 l - a potion of invisibility {unknown}
 v - a potion of flight
 F - a potion of mutation {unknown}


   Skills:
 + Level 1.5 Fighting
 + Level 0.2 Maces & Flails
 + Level 3.3 Polearms
 + Level 3.4 Armour
 + Level 2.2 Dodging
 + Level 1.5 Stealth
 + Level 3.1 Spellcasting
 * Level 6.6 Necromancy


You had 4 spell levels left.
You knew the following spells:

 Your Spells              Type           Power      Damage    Failure   Level
a - Necrotise             Necr           100%       1d9       1%          1
b - Vampiric Draining     Necr           26%        2d7       3%          3
c - Animate Dead          Necr           26%        N/A       13%         4

Your spell library contained the following spells:

 Spells                   Type           Power      Damage    Failure   Level
 Ensorcelled Hibernation  Hex/Ice        4%         N/A       30%         2
 Static Discharge         Conj/Air       2%         3-4/arc   30%         2
 Anguish                  Hex/Necr       7%         N/A       45%         4
 Gell's Gravitas          Tloc           2%         N/A       52%         3
 Lesser Beckoning         Tloc           2%         N/A       52%         3
 Spider Form              Tmut/Pois      2%         N/A       52%         3
 Teleport Other           Tloc           2%         N/A       52%         3
 Agony                    Necr           26%        N/A       34%         5
 Lightning Bolt           Conj/Air       1%         1d12      99%         5
 Maxwell's Capacitive Co  Air            1%         ∞         100%        8


Dungeon Overview and Level Annotations

Branches:
Dungeon (7/15)             Temple (1/1) D:4          Bailey (1/1)

Altars:
Ashenzari
Cheibriados
Fedhas
Gozag
Kikubaaqudgha
Makhleb
Nemelex Xobeh
Okawaru
Qazlal
Sif Muna
Trog
Uskayaw
Vehumet
Wu Jian
Xom
Yredelemnul
Zin
The Shining One

Shops:
D:4 =   D:6 :

Annotations:
D:5 3 runed translucent doors, middlethird's ghost, novice VSAE


Innate Abilities, Weirdness & Mutations

You are completely covered in rugged brown scales. (AC +3, +7% HP)
You have supernaturally acute eyesight. (SInv)
Armour fits poorly on your strangely shaped body.
You can roll at nearby foes to attack.
You have a long armoured tail.
You curl defensively after being hit. (AC +7*)


Message History

You reach to attack!
You closely miss the human.
The human is lightly wounded.
Okay, then.
Okay, then.
You hit the human but do no damage.
The human looks even sicker.
The human is lightly wounded.
The human hits you with a +0 war axe!
Your gnoll zombie hits the human but does no damage.
Unknown command.
Press: ? - help, v - describe, . - travel
Here: a human, wielding a +0 war axe and wearing a +0 scale mail (lightly wounded, very poisoned, ally target)
The floor.
You closely miss the human.
Your tail-slap misses the human.
The human is lightly wounded.
The human hits you with a +0 war axe. The human barely misses you.
The human hits your gnoll zombie with a +0 vorpal hand axe!
Your gnoll zombie hits the human but does no damage.
Unknown command.
It was a potion of flight.
You feel very buoyant.
You fly up into the air.
The human hits you with a +0 war axe!
* * * LOW HITPOINT WARNING * * *
The human hits you but does no damage.
The human hits your gnoll zombie with a +0 vorpal hand axe!
Your gnoll zombie is destroyed!
It was a potion of haste.
You feel yourself speed up.
A hobgoblin comes into view. It is wielding a +0 hand axe.
A human comes into view. It is wielding a +0 war axe.
The human hits you with a +0 war axe!
* * * LOW HITPOINT WARNING * * *
The human hits you but does no damage.
Unknown command.
It was a potion of ambrosia.
You are confused.
You feel invigorated.
A hobgoblin comes into view. It is wielding a +0 war axe.
The human barely misses you.
The human hits you with a +0 vorpal hand axe!
You die...
Kikubaaqudgha rasps: "You have failed me!
Welcome... death!"

##### ....g.
#####
......##...##
#....oo.∩..#
#pp...#
+@.∩..#
##...## #####


You could see 2 humans, 2 orcs and a hobgoblin.

Vanquished Creatures
  An ice beast (D:7)
  An ogre (D:5)
  A bullfrog (D:4)
  A scorpion (D:5)
  A necrophage (D:5)
  2 orc priests (D:5)
  A gnoll bouda (D:4)
  3 hounds
  5 iguanas
  2 orc wizards (D:5)
  7 adders
  2 shadow imps
  2 white imps (D:5)
  2 worms
  6 dart slugs
  18 orcs
  4 bats
  3 endoplasms
  10 giant cockroaches
  4 hobgoblins
  11 kobolds
  6 quokkas
  6 ball pythons
  4 frilled lizards (D:2)
  9 goblins
  6 rats
118 creatures vanquished.

Vanquished Creatures (collateral kills)
  A jackal (D:2)
  A goblin (D:2)
  A kobold (D:1)
3 creatures vanquished.

Vanquished Creatures (others)
  2 gnolls (Bailey)
  An orc (Bailey)
  2 gnoll zombies (Bailey)
  An orc zombie (Bailey)
6 creatures vanquished.

Grand Total: 127 creatures vanquished

Notes
Turn   | Place    | Note
-------+----------+-------------------------------------------
     0 | D:1      | monsoonserge the Palentonga Necromancer began the quest for
                  | the Orb.
     0 | D:1      | Reached XP level 1. HP: 13/13 MP: 3/3
   248 | D:1      | Reached XP level 2. HP: 16/20 MP: 3/5
   633 | D:1      | Found a faded altar of an unknown god.
  1103 | D:2      | Reached XP level 3. HP: 25/25 MP: 4/6
  1147 | D:2      | Found a radiant altar of Vehumet.
  1627 | D:2      | Learned a level 3 spell: Vampiric Draining
  1792 | D:2      | Reached skill level 1 in Armour
  2055 | D:3      | Found a shimmering altar of Xom.
  2211 | D:3      | Reached XP level 4. HP: 32/32 MP: 7/7
  3216 | D:4      | Reached XP level 5. HP: 37/37 MP: 7/9
  3268 | D:4      | Reached skill level 5 in Necromancy
  3355 | D:4      | Reached skill level 1 in Polearms
  3702 | D:4      | Found a staircase to the Ecumenical Temple.
  3712 | Temple   | Entered the Ecumenical Temple
  3920 | Temple   | Became a worshipper of Kikubaaqudgha
  3983 | D:4      | Reached XP level 6. HP: 44/44 MP: 8/10
  4081 | D:5      | Entered Level 5 of the Dungeon
  4265 | D:5      | Identified the +1 robe of Sekeimi {Harm +Blink rElec Int-5}
  4345 | D:5      | Gained mutation: You curl defensively after being hit. (AC
                  | +7*) [Palentonga growth]
  4345 | D:5      | Reached XP level 7. HP: 50/50 MP: 9/11
  4350 | D:5      | Learned a level 4 spell: Animate Dead
  4761 | D:5      | Found a burning altar of Makhleb.
  4774 | D:5      | Reached skill level 1 in Fighting
  4781 | D:5      | Reached skill level 6 in Necromancy
  5005 | D:5      | Reached * piety under Kikubaaqudgha
  5005 | D:5      | Received a gift from Kikubaaqudgha
  5075 | D:5      | Found a runed translucent gate.
  5096 | D:5      | Found a runed translucent gate.
  5099 | D:5      | Found an opulent altar of Gozag.
  5099 | D:5      | Found a runed translucent gate.
  5101 | D:5      | Noticed middlethird's ghost (novice VSAE)
  5306 | D:4      | Found Vocwoaso's Jewellery Boutique.
  5445 | D:6      | Found Neor's Book Boutique.
  5652 | D:7      | Found a flagged portal.
  5704 | Bailey   | Entered a bailey
  5707 | Bailey   | Noticed a human
  5707 | Bailey   | Noticed a human
  5718 | Bailey   | Noticed a human
  5719 | Bailey   | Slain by a human

Illustrated notes

Levels and vault maps discovered:
D:1:      dpeg_arrival_oval, layout_rooms, shapermc_ecumenical_altar_petra
D:2:      minmay_angry_zag, layout_loops_corners, basic_altar,
          kennysheep_generic_room_10
D:3:      layout_rooms, mainiacjoe_overflow_24_doors
D:4:      kennysheep_six_static_rooms, layout_rooms,
          minmay_temple_entry_antechambers, serial_shops,
          nicolae_shop_statue_plus
D:5:      layout_loops_cross, makhleb_heckhound_becter, ebering_ghost_gozag
D:6:      layout_rooms, nicolae_ru_the_path_less_chosen, vehumet_statue,
          serial_shops, shop
D:7:      layout_basic, serial_shops, nicolae_square_shop, enter_bailey_5
Temple:   regret_index_temple_generic_petals
Bailey:   bailey_axe_froggy_fort_hellmonk, bailey

Skill      XL: |  1  2  3  4  5  6  7 |
---------------+----------------------+-----
Armour         | 1 2 3 |  3.4
Necromancy     | 5 6 |  6.6
Polearms       | 2 3 |  3.3
Spellcasting   | 3 |  3.1
Dodging        | 2 |  2.2
Fighting       | 1 |  1.5
Maces & Flails | |  0.2
Stealth        | |  1.5

Action                   |  1- 3 |  4- 6 |  7- 9 || total
-------------------------+-------+-------+-------++-------
Melee: Club              |    10 |       |       ||    10
       Dagger            |    40 |       |       ||    40
       Unarmed           |     4 |       |       ||     4
       Tailslap          |     5 |    14 |    15 ||    34
       Spear             |    11 |   113 |    95 ||   219
 Cast: Necrotise         |    40 |    19 |    10 ||    69
       Vampiric Draining |     1 |     5 |     9 ||    15
       Animate Dead      |       |       |     1 ||     1
Invok: Unearth Wretches  |       |       |     1 ||     1
 Abil: Rolling Charge    |     8 |    20 |     9 ||    37
  Use: Potion            |       |       |     3 ||     3
Armor: Robe              |     6 |       |       ||     6
       Ring mail         |    28 |    34 |       ||    62
       Leather armour    |       |    16 |    58 ||    74
Dodge: Dodged            |    27 |    47 |    49 ||   123
